 Dungeon Crawl Stone Soup version 0.31-a0-246-g8cbcc1cb85 (webtiles) character file.

Game seed: 9188204785776280892

4121 Newt the Basher (level 10, -2/78 HPs)
             Began as a Demonspawn Gladiator on July 12, 2023.
             Was an Initiate of Makhleb.
             Slain by an orc
             ... wielding a +0 trident
              (7 damage)
             ... on level 9 of the Dungeon.
             The game lasted 00:11:02 (9092 turns).

Newt the Basher (Demonspawn Gladiator)              Turns: 9092, Time: 00:11:04

Health: -2/78      AC:  7    Str: 22    XL:     10   Next: 6%
Magic:  10/10      EV: 12    Int: 16    God:    Makhleb [......]
Gold:   540        SH:  0    Dex: 15    Spells: 9/9 levels left

rFire   . . .        g - +3 whip (elec)
rCold   . . .        (no shield)
rNeg    . . .        u - +3 leather armour of the Planets {Will- Regen+ Str+3 Int+7}
rPois   .            (helmet currently unavailable)
rElec   .            y - melded +0 cloak
rCorr   .            (gloves currently unavailable)
SInv    +            A - melded +0 pair of boots
Will    .....        (no amulet)
Stlth   +            r - ring of see invisible
HPRegen 1.13/turn    (no ring)
MPRegen 0.12/turn

%: no passive effects
@: lethally poisoned (-2 -> -4), beast-form, marked, hasted, very quick
A: beast (slay +4), antennae 2, rugged brown scales 1
a: Renounce Religion


You were on level 9 of the Dungeon.
You worshipped Makhleb.
Makhleb was noncommittal.
You were a hulking beast.
You visited 2 branches of the dungeon, and saw 10 of its levels.

You collected 540 gold pieces.

Inventory:

Hand Weapons
 a - a +0 rapier
 g - a +3 whip of electrocution (weapon)
 p - a +3 whip of chaos
Missiles
 d - 4 throwing nets
 e - a javelin
 l - 9 poisoned darts
 v - 3 silver boomerangs
 w - 5 curare-tipped darts
 C - 5 boomerangs (quivered)
Armour
 b - a +0 leather armour
 c - a +0 helmet
 u - the +3 leather armour of the Planets (worn) {Will- Regen+ Str+3 Int+7}
   (You found it on level 3 of the Dungeon)

   Str:       It affects your strength (+3).
   Int:       It affects your intelligence (+7).
   Regen:     It increases your rate of health regeneration.
   Will:      It decreases your willpower.
 y - a +0 cloak (melded)
 A - a +0 pair of boots (melded)
Jewellery
 r - a ring of see invisible (left hand)
Talismans
 f - a beast talisman
Wands
 n - a wand of flame (41)
 t - a wand of paralysis (7)
Scrolls
 k - 5 scrolls of revelation
 z - 3 scrolls of identify
 F - a scroll of noise
 G - a scroll of amnesia
Potions
 h - 2 potions of haste
 i - a potion of heal wounds
 j - a potion of might
 o - 4 potions of enlightenment
 q - 2 potions of attraction
 s - a potion of magic
 x - 2 potions of degeneration
 B - a potion of berserk rage
Miscellaneous
 E - a box of beasts (inert)


   Skills:
 - Level 6.0 Fighting
 - Level 2.6 Short Blades
 - Level 8.0 Maces & Flails
 + Level 3.1 Throwing
 - Level 5.0 Armour
 - Level 2.6 Dodging
 - Level 6.0 Shapeshifting


You had 9 spell levels left.
You didn't know any spells.
Your spell library contained the following spells:

 Spells                   Type           Power      Damage    Failure   Level
 Blink                    Tloc           0%         N/A       41%         2
 Cigotuvi's Dreadful Rot  Necr/Pois/Air  0%         N/A       41%         2
 Ensorcelled Hibernation  Hex/Ice        0%         N/A       41%         2
 Ignite Poison            Fire/Tmut/Pois 0%         N/A       65%         3
 Anguish                  Hex/Necr       0%         N/A       96%         4
 Manifold Assault         Tloc           0%         N/A       96%         4
 Freezing Cloud           Conj/Ice/Air   0%         6-21      100%        5


Dungeon Overview and Level Annotations

Branches:
Dungeon (9/15)             Temple (1/1) D:7            Lair (0/5) D:9
    Orc (0/2) D:9

Altars:
Ashenzari
Cheibriados
Dithmenos
Fedhas
Gozag
Hepliaklqana
Kikubaaqudgha
Makhleb
Nemelex Xobeh
Okawaru
Qazlal
Ru
Sif Muna
Trog
Uskayaw
Vehumet
Wu Jian
Xom
Yredelemnul

Shops:
D:8 [

Annotations:
D:9 Harold


Innate Abilities, Weirdness & Mutations

You are a hulking beast.
Your limbs bulge with bestial killing power. (Slay +4)
You have a pair of antennae on your head.
You are partially covered in rugged brown scales. (AC +1, +3% HP)


Message History

You barely miss the orc.
The orc is heavily wounded.
The orc misses you. The orc barely misses you.
The orc wizard closely misses you.
The orc throws a boomerang.
The boomerang hits the orc wizard.
Unknown command.
You barely miss the orc.
The orc is heavily wounded.
The orc hits you but does no damage. The orc misses you.
The orc wizard hits you with a +0 dagger.
Unknown command.
Okay, then.
You feel yourself speed up. The orc hits you but does no damage.
The orc barely misses you. The orc misses you.
The orc throws a boomerang.
The boomerang hits the orc wizard.
Unknown command.
The orc wizard gestures wildly while chanting.
The orc wizard flickers and vanishes for a moment.
The orc hits you with a +0 flail. The orc hits you but does no damage.
Found a staircase to the Lair.
The komodo dragon hisses angrily.
A killer bee comes into view.
A killer bee comes into view.
A killer bee comes into view.
Harold throws a throwing net.
The throwing net closely misses you.
You see here a scroll labelled HEIRADGH SABEO.
A killer bee comes into view.
The orc warrior shoots a bolt.
The bolt hits you.
The komodo dragon bites the plant.
The plant begins to die.
The orc warrior shoots a bolt.
The bolt hits you!
Something bites the plant!!
The plant begins to die.
The orc warrior shoots a bolt.
The bolt hits you!!
* * * LOW HITPOINT WARNING * * *
The killer bee attacks as you move away!
The killer bee stings you.
* * * LOW HITPOINT WARNING * * *
You are poisoned.
The killer bee poisons you!
You feel sick.
The orc hits you from afar with a +0 trident!
You die...

............o......PPPP
........../..o....PPPPP
...........#o?o#...PPPP
........$..#o(.#.....PP
.........yy....##....P#
..........y....# #...##
....>....o..#### .....
..........y## .....
.......h#
...............
...o...........
#..o.########.. ##...
#.. .... ...


You could see an orc warrior, 4 killer bees and 6 orcs.

Vanquished Creatures
  Psyche (D:8)
  A wyvern (D:8)
  2 steam dragons (D:8)
  4 water moccasins
  An orc warrior (D:6)
  A sky beast (D:8)
  An ogre (D:6)
  5 ice beasts
  3 centaurs
  A phantom (D:5)
  A kobold brigand (D:7)
  A gnoll sergeant (D:7)
  2 bullfrogs (D:6)
  2 scorpions
  4 wights
  11 killer bees
  A howler monkey (D:3)
  A jelly (D:5)
  3 hounds
  2 orc priests
  Crazy Yiuf (D:6)
  2 gnoll boudas
  3 iguanas (D:6)
  A sleepcap (D:7)
  2 orc wizards (D:6)
  14 adders
  7 gnolls
  A shadow imp (D:7)
  2 white imps
  4 ufetubi
  A worm (D:3)
  A dart slug (D:1)
  34 orcs
  3 ball pythons
  9 endoplasms
  4 giant cockroaches
  9 goblins
  11 hobgoblins
  4 jackals (D:2)
  6 bats
  6 kobolds
  4 rats
177 creatures vanquished.

Vanquished Creatures (others)
  3 sky beasts (D:8)
  An ogre (D:5)
  An iguana (D:5)
  A gnoll (D:8)
  A dart slug (D:5)
7 creatures vanquished.

Grand Total: 184 creatures vanquished

Notes
Turn   | Place    | Note
-------+----------+-------------------------------------------
     0 | D:1      | Newt the Demonspawn Gladiator began the quest for the Orb.
     0 | D:1      | Reached XP level 1. HP: 16/16 MP: 1/1
   271 | D:1      | Gained mutation: You are partially covered in rugged brown
                  | scales. (AC +1, +3% HP) [demonic ancestry]
   271 | D:1      | Reached XP level 2. HP: 17/23 MP: 2/2
   861 | D:2      | Gained mutation: You have a pair of small antennae on your
                  | head. [demonic ancestry]
   861 | D:2      | Reached XP level 3. HP: 27/29 MP: 3/3
   998 | D:2      | Reached skill level 1 in Maces & Flails
  1013 | D:2      | Reached skill level 2 in Maces & Flails
  1013 | D:2      | Reached XP level 4. HP: 28/38 MP: 4/4
  1395 | D:3      | Found a blossoming altar of Fedhas.
  1425 | D:3      | Reached XP level 5. HP: 37/43 MP: 5/5
  1572 | D:3      | Reached skill level 3 in Maces & Flails
  1664 | D:3      | Identified the +3 leather armour of the Planets {Will-
                  | Regen+ Str+3 Int+7}
  1778 | D:3      | Reached skill level 4 in Maces & Flails
  1898 | D:4      | Reached XP level 6. HP: 49/49 MP: 6/6
  2057 | D:4      | Noticed an ice beast
  2072 | D:4      | Killed an ice beast
  2617 | D:5      | Entered Level 5 of the Dungeon
  2782 | D:5      | Noticed a water moccasin
  2783 | D:5      | Found a shimmering altar of Xom.
  2804 | D:5      | Killed a water moccasin
  2805 | D:5      | Reached skill level 5 in Maces & Flails
  2805 | D:5      | Reached skill level 1 in Shapeshifting
  2835 | D:4      | Reached XP level 7. HP: 30/55 MP: 7/7
  3349 | D:5      | Reached skill level 6 in Maces & Flails
  4322 | D:6      | Reached XP level 8. HP: 58/61 MP: 8/8
  4388 | D:6      | Reached skill level 7 in Maces & Flails
  4880 | D:6      | Reached skill level 8 in Maces & Flails
  4931 | D:6      | Found a runed translucent door.
  4932 | D:6      | Noticed Crazy Yiuf
  5000 | D:6      | Reached skill level 1 in Armour
  5533 | D:6      | Killed Crazy Yiuf
  5607 | D:7      | Reached XP level 9. HP: 66/66 MP: 9/9
  5611 | D:7      | Reached skill level 5 in Armour
  5653 | D:7      | Found a staircase to the Ecumenical Temple.
  5786 | Temple   | Entered the Ecumenical Temple
  5897 | Temple   | Became a worshipper of Makhleb the Destroyer
  5924 | D:7      | Found a broken altar of Ashenzari.
  6177 | D:7      | Reached skill level 5 in Fighting
  6643 | D:8      | Noticed Psyche
  7559 | D:8      | Found Zihihebi's Antique Armour Shop.
  8220 | D:8      | Reached skill level 5 in Shapeshifting
  8375 | D:8      | Found an opulent altar of Gozag.
  8377 | D:8      | Found an ancient bone altar of Kikubaaqudgha.
  8378 | D:8      | Killed Psyche
  8494 | D:8      | Found an iron altar of Okawaru.
  8680 | D:8      | Gained mutation: You have a pair of antennae on your head.
                  | [demonic ancestry]
  8680 | D:8      | Reached XP level 10. HP: 14/78 MP: 10/10
  9052 | D:9      | Found a staircase to the Orcish Mines.
  9063 | D:9      | Noticed Harold
  9080 | D:9      | Found a staircase to the Lair.
  9092 | D:9      | Slain by an orc

Illustrated notes

Levels and vault maps discovered:
D:1:      dpeg_arrival_rhombus, layout_loops_ring
D:2:      layout_basic, minmay_pentomino_t2
D:3:      layout_rooms, fedhas_altar_3
D:4:      layout_loops_ring, sigmund_army
D:5:      layout_loops_corners, xom_confusion_cloud, serial_aquarium,
          aquarium_bridge_square [aquarium_subvault_wall,
          aquarium_subvault_bridge, aquarium_subvault_wall,
          aquarium_subvault_wall], aquarium_bridge_straight
          [aquarium_subvault_bridge, aquarium_subvault_window,
          aquarium_subvault_bridge, aquarium_subvault_balcony],
          aquarium_window_fake, aquarium_window_corridor_3, aquarium_view_2e,
          aquarium_view_2b, aquarium_pool_split
D:6:      kennysheep_six_static_rooms, layout_basic, serial_co_window_serial,
          co_window_paths_a, co_window_paths_a, co_window_corner_a,
          co_window_paths_a, co_window_of_opportunity_a, co_window_corner_cb,
          co_window_broadway_a, co_window_paths_c, co_window_broadway_a,
          co_window_4corner_b, co_window_paths_d, uniq_crazy_yiuf_cottage
D:7:      layout_loops_corners, grunt_ashenzari_visionary
          [grunt_ashenzari_visionary_shoals, grunt_ashenzari_visionary_spider],
          minmay_temple_entry_arrows, minmay_misc_feat_doors, minivault_22,
          st_stairs_12, minmay_diced_spiral
D:8:      layout_rooms, mainiacjoe_overflow_concentric_impassable,
          mainiacjoe_overflow_brackets, okawaru_ov_weapons_minmay, serial_shops,
          shop, hangedman_misty_isle, uniq_psyche
D:9:      layout_long_grid, david_lair_shrubbed, david_orc_3, serial_shops,
          nicolae_shop_hallway_plus, shop, nicolae_shop_tiny_waterfront,
          nicolae_shop_mannequins, shop, uniq_harold
Temple:   nicolae_temple_superstar

Skill      XL: |  1  2  3  4  5  6  7  8  9 10 |
---------------+-------------------------------+-----
Fighting       | 3 4 6 |  6.0
Maces & Flails | 2 4 5 6 8 |  8.0
Shapeshifting  | 2 3 6 |  6.0
Armour         | 4 5 |  5.0
Throwing       | 2 3 |  3.1
Short Blades   | |  2.6
Dodging        | |  2.6

Action                     |  1- 3 |  4- 6 |  7- 9 | 10-12 || total
---------------------------+-------+-------+-------+-------++-------
  Melee: Whip              |    93 |   129 |   375 |    12 ||   609
         Rapier            |     9 |       |       |       ||     9
         Punch             |     1 |       |     3 |       ||     4
  Throw: Boomerang         |       |     1 |     3 |     2 ||     6
         Javelin           |       |     1 |     3 |       ||     4
         Throwing net      |       |       |     3 |       ||     3
  Evoke: Wand              |       |     1 |       |       ||     1
         Box of beasts     |       |       |     1 |       ||     1
    Use: Scroll            |     3 |    11 |     4 |     2 ||    20
         Potion            |       |       |     5 |     1 ||     6
   Stab: Sleeping          |       |       |     1 |       ||     1
         Held in net/web   |       |       |     3 |       ||     3
         Invisible         |       |       |     1 |       ||     1
 Armour: Leather armour    |    40 |    31 |    98 |    11 ||   180
  Dodge: Dodged            |    73 |    86 |   254 |    27 ||   440
   Form: Beast             |     1 |       |     1 |       ||     2
                           |       |       |     1 |       ||     1

Table legend: (Time is in decaauts)
 A = Elapsed time spent in this place.
 B = Non-inter-level travel time spent in this place.
 C = Inter-level travel time spent in this place.
 D = Time resting spent in this place.
 E = Time spent auto-exploring this place.
 F = Levels seen in this place.
 G = Mean time per level.
                   A        B        C        D        E       F      G
               +--------+--------+--------+--------+--------+-----+--------+
         Total |   8966 |   8466 |    500 |   2337 |   4770 |  10 |  896.6 |
       Dungeon |   8843 |   8378 |    465 |   2337 |   4697 |   9 |  982.6 |
        Temple |    123 |     89 |     34 |      0 |     73 |   1 |  123.0 |
               +--------+--------+--------+--------+--------+-----+--------+

Top non-repeatable levels by time:
     D:7: 2316 daAuts
     D:5: 1421 daAuts
     D:6: 1252 daAuts
     D:4: 975 daAuts
     D:8: 943 daAuts
     D:1: 849 daAuts
     D:3: 529 daAuts
     D:2: 512 daAuts
  Temple: 123 daAuts
     D:9: 43 daAuts
